 Dungeon Crawl Stone Soup version 0.32-a0-913-g739538afd8 (webtiles) character file.

Game seed: 1811460741578710832

2202 Fodor the Cleaver (level 9, -11/78 HPs)
             Began as a Minotaur Fighter on Apr 7, 2024.
             Mangled by Joseph
             ... wielding a +0 quarterstaff
              (12 damage)
             ... on level 7 of the Dungeon.
             The game lasted 00:13:10 (5164 turns).

Fodor the Cleaver (Minotaur Fighter)                Turns: 5164, Time: 00:13:11

Health: -11/78     AC: 10    Str: 25    XL:     9   Next: 12%
Magic:  8/8        EV:  8    Int:  5    God:
Gold:   408        SH: 10    Dex: 10    Spells: 8/8 levels left

rFire   . . .        a - +0 war axe
rCold   . . .        c - +0 buckler
rNeg    . . .        b - +0 chain mail
rPois   .            (helmet currently unavailable)
rElec   .            (cloak currently unavailable)
rCorr   .            (gloves currently unavailable)
SInv    +            B - melded +0 pair of boots
Will    +....        m - amulet of reflection Stlth
                     t - ring of see invisible
HPRegen 0.33/turn    y - ring of willpower
MPRegen 0.11/turn

%: reflection
@: lethally poisoned (-11 -> -13), beast-form, attractive
A: beast (slay +0), horns 2, retaliatory headbutt
a: Begin Untransformation


You were on level 7 of the Dungeon.
You were a hulking beast.
You visited 1 branch of the dungeon, and saw 7 of its levels.

You collected 428 gold pieces.
You spent 20 gold pieces at shops.

Inventory:

Hand Weapons
 a - a +0 war axe (weapon)
 F - a +0 orcbow
Armour
 b - a +0 chain mail (worn)
 c - a +0 buckler (worn)
 B - a +0 pair of boots (melded)
Jewellery
 m - an amulet of reflection (around neck)
 t - a ring of see invisible (left hand)
 y - a ring of willpower (right hand)
Talismans
 e - a granite talisman
 L - a beast talisman (active)
Wands
 n - a wand of polymorph (9)
 H - a wand of charming (6)
 K - a wand of flame (18)
Scrolls
 g - 2 scrolls of fear
 h - 4 scrolls of noise
 j - a scroll of vulnerability {unknown}
 k - 4 scrolls of teleportation
 l - a scroll of revelation
 p - 2 scrolls of enchant armour {unknown}
 s - a scroll of torment {unknown}
 u - a scroll of summoning {unknown}
 w - a scroll of poison {unknown}
 x - a scroll of brand weapon {unknown}
 z - 2 scrolls of silence {unknown}
 A - a scroll of fog {unknown}
 E - a scroll of acquirement {unknown}
 G - a scroll of blinking {unknown}
Potions
 d - 2 potions of might
 f - 2 potions of attraction
 q - 2 potions of enlightenment
 r - a potion of resistance {unknown}
 v - a potion of curing {unknown}
 C - a potion of brilliance {unknown}
 D - a potion of mutation {unknown}
 I - a potion of magic {unknown}
 J - a potion of invisibility {unknown}


   Skills:
 + Level 6.4 Fighting
 + Level 9.5 Axes
 + Level 7.6 Armour
 + Level 2.2 Dodging
 + Level 1.0 Stealth
 + Level 7.3 Shields
 + Level 0.2 Shapeshifting


You had 8 spell levels left.
You didn't know any spells.
Your spell library contained the following spells:

 Spells                   Type           Power      Damage    Failure   Level
 Apportation              Tloc           0%         N/A       95%         1
 Freeze                   Ice            0%         1d3       95%         1
 Necrotise                Necr           0%         1d4       95%         1
 Sting                    Conj/Alch      0%         1d3       95%         1
 Summon Small Mammal      Summ           0%         N/A       95%         1
 Frozen Ramparts          Ice            0%         1d1       100%        3
 Hailstorm                Conj/Ice       0%         3d5       100%        3


Dungeon Overview and Level Annotations

Branches:
Dungeon (7/15)
 Temple: D:4-7

Altars:
Ashenzari
Cheibriados
Hepliaklqana
Kikubaaqudgha
Nemelex Xobeh
Okawaru
Sif Muna
Vehumet
Wu Jian
Xom
Zin
The Shining One

Shops:
D:2 *

Annotations:
D:7 Joseph


Innate Abilities, Weirdness & Mutations

You are a hulking beast.
Your limbs bulge with bestial killing power. (Slay +0)
You have a pair of horns on your head.
You reflexively headbutt those who attack you in melee.


Message History

Joseph hits you with a +0 quarterstaff.
* * * LOW HITPOINT WARNING * * *
The bullfrog hits you but does no damage.
You hit Joseph.
Joseph is heavily wounded.
You completely miss the bullfrog.
You feel sick.
You are no longer poisoned.
You block the bullfrog's attack. Joseph hits you with a +0 quarterstaff.
* * * LOW HITPOINT WARNING * * *
You slash Joseph! You headbutt Joseph!
Joseph is severely wounded.
You hit the bullfrog.
You kill the bullfrog!
The kobold brigand throws a poisoned dart.
The poisoned dart hits you!
You are poisoned.
Joseph hits you with a +0 quarterstaff.
* * * LOW HITPOINT WARNING * * *
As you read the scroll of teleportation, it crumbles to dust.
You feel strangely unstable.
You are starting to lose your buoyancy.
You feel sick. You block the kobold's attack. Joseph barely misses you.
Okay, then.
It was a potion of attraction.
You feel attractive to monsters.
You feel sick. Joseph hits you with a +0 quarterstaff.
* * * LOW HITPOINT WARNING * * *
The kobold throws a stone.
The stone hits you but does no damage.
The kobold brigand is attracted toward you.
It was a potion of cancellation.
You feel strangely stable.
Your magical effects are unravelling.
You feel magically purged.
You float gracefully downwards.
Your enlightenment fades.
* * * LOW HITPOINT WARNING * * *
You feel sick. You block the kobold brigand's attack.
You block the kobold's attack.
Joseph shouts, "I love to fight!
I love killing!"
Joseph hits you with a +0 quarterstaff!
You die...

..... +### #. ..
....#..#.##.
....##....... .........
#... .......#.##...
#######...####.....
##.K#........#.....#
#..hKK.......#...###
..=...@##ยง..............
...#....................
. ......................
........................
.............$..........
#............###........
.............. ..(..#...
.#.....###....?.#.##


You could see Joseph, a kobold brigand and 2 kobolds.

Vanquished Creatures
  4 water moccasins
  A sky beast (D:6)
  2 black bears (D:6)
  2 kobold brigands (D:6)
  2 bullfrogs (D:7)
  2 scorpions
  A wight (D:7)
  4 killer bees (D:7)
  A howler monkey (D:3)
  2 bombardier beetles
  2 hounds (D:5)
  An orc priest (D:5)
  A gnoll bouda (D:7)
  A jelly (D:6)
  2 sleepcaps (D:6)
  5 iguanas
  3 orc wizards
  Natasha (thrice) (D:2)
  Robin (D:2)
  19 gnolls
  4 adders
  2 white imps (D:6)
  2 ufetubi (D:6)
  2 dart slugs
  3 ribbon worms
  14 orcs
  8 ball pythons
  8 endoplasms
  8 goblins (D:2)
  10 hobgoblins
  4 quokkas (D:1)
  4 bats
  2 frilled lizards
  17 kobolds
  5 rats
152 creatures vanquished.

Vanquished Creatures (others)
  A kobold (D:6)
1 creature vanquished.

Grand Total: 153 creatures vanquished

Notes
Turn   | Place    | Note
-------+----------+-------------------------------------------
     0 | D:1      | Fodor the Minotaur Fighter began the quest for the Orb.
     0 | D:1      | Reached XP level 1. HP: 19/19 MP: 0/0
   209 | D:1      | Reached XP level 2. HP: 18/27 MP: 1/1
   408 | D:1      | Found a faded altar of an unknown god.
   742 | D:2      | Noticed Natasha
   748 | D:2      | Reached skill level 3 in Axes
   748 | D:2      | Reached XP level 3. HP: 11/33 MP: 2/2
   749 | D:2      | Killed Natasha
  1121 | D:2      | Noticed Natasha
  1128 | D:2      | Reached XP level 4. HP: 14/40 MP: 3/3
  1135 | D:2      | Killed Natasha
  1136 | D:2      | Reached skill level 4 in Axes
  1199 | D:2      | Noticed Natasha
  1207 | D:2      | Killed Natasha
  1208 | D:2      | Found Qodweatz's General Store.
  1245 | D:2      | Bought a scroll of identify for 20 gold pieces
  1289 | D:2      | Noticed Robin
  1316 | D:2      | Killed Robin
  1317 | D:2      | Reached XP level 5. HP: 44/47 MP: 4/4
  1662 | D:3      | Reached skill level 5 in Axes
  1748 | D:3      | Found a broken altar of Ashenzari.
  1778 | D:3      | Found a radiant altar of Vehumet.
  2000 | D:3      | Reached XP level 6. HP: 53/55 MP: 5/5
  2020 | D:3      | Found a shimmering altar of Xom.
  2020 | D:3      | Found a sparkling altar of Nemelex Xobeh.
  2021 | D:3      | Found an iron altar of Okawaru.
  2216 | D:4      | Reached skill level 5 in Fighting
  2303 | D:4      | Reached skill level 5 in Shields
  2313 | D:4      | Reached skill level 1 in Dodging
  2713 | D:4      | Reached skill level 6 in Axes
  2755 | D:4      | Found a hazy altar of Hepliaklqana.
  2905 | D:4      | Found an ornate altar of the Wu Jian Council.
  2907 | D:4      | Reached skill level 5 in Armour
  2913 | D:4      | Found a glowing golden altar of the Shining One.
  2922 | D:4      | Found a shimmering blue altar of Sif Muna.
  3066 | D:5      | Entered Level 5 of the Dungeon
  3087 | D:5      | Reached XP level 7. HP: 56/61 MP: 6/6
  3516 | D:5      | Found a glowing silver altar of Zin.
  3660 | D:6      | Reached skill level 7 in Axes
  3815 | D:6      | Reached XP level 8. HP: 69/69 MP: 7/7
  3989 | D:6      | Reached skill level 8 in Axes
  4418 | D:6      | Found a snail-covered altar of Cheibriados.
  4700 | D:6      | Reached skill level 1 in Stealth
  4821 | D:6      | Found an ancient bone altar of Kikubaaqudgha.
  4949 | D:7      | Reached skill level 9 in Axes
  5126 | D:7      | Noticed Joseph
  5138 | D:7      | Reached XP level 9. HP: 33/77 MP: 8/8
  5163 | D:7      | HP: 2/78 [Joseph/+0 quarterstaff (5)]
  5164 | D:7      | Mangled by Joseph

Illustrated notes

Levels and vault maps discovered:
D:1:      beargit_arrival_diablo_church, layout_basic,
          ebering_ecumenical_altar_petrified
D:2:      layout_basic, serial_shops, shop, serial_bayou_pond_c, uniq_natasha,
          uniq_robin
D:3:      layout_rooms, nicolae_vehumet_radiance, marbit_many_paths,
          gammafunk_temple_overflow_claw, minmay_diced_spiral
D:4:      layout_loops_ring, nzn_hepliaklqana_mist_gate,
          minmay_overflow_temple_star_quad
D:5:      layout_loops_ring, lemuel_crystal_altar
D:6:      layout_loops_corners, lemuel_round_altar,
          mainiacjoe_overflow_six_doors_small, corexii_hall_statues_t
D:7:      layout_cave_pools, minmay_temple_entry_glassed_door, uniq_joseph

Skill      XL: |  1  2  3  4  5  6  7  8 |
---------------+-------------------------+-----
Shields        | 4 5 6 7 |  7.3
Armour         | 4 5 6 7 |  7.6
Axes           | 3 4 5 6 7 9 |  9.5
Fighting       | 4 5 6 |  6.4
Dodging        | 1 2 |  2.2
Stealth        | 1 |  1.0
Shapeshifting  | |  0.2

Action                     |  1- 3 |  4- 6 |  7- 9 || total
---------------------------+-------+-------+-------++-------
  Melee: War axe           |    66 |   165 |   168 ||   399
         Headbutt          |     8 |    30 |    32 ||    70
  Evoke: Wand              |       |       |     1 ||     1
    Use: Scroll            |       |     4 |     2 ||     6
         Potion            |       |       |     7 ||     7
 Armour: Scale mail        |    59 |    62 |       ||   121
         Chain mail        |       |    45 |   180 ||   225
  Dodge: Dodged            |    32 |    51 |    74 ||   157
  Block: Buckler           |    27 |    80 |   108 ||   215
         Reflection        |       |     1 |     4 ||     5
   Form: Beast             |       |       |     1 ||     1

Table legend: (Time is in decaauts)
 A = Elapsed time spent in this place.
 B = Non-inter-level travel time spent in this place.
 C = Inter-level travel time spent in this place.
 D = Time resting spent in this place.
 E = Time spent auto-exploring this place.
 F = Levels seen in this place.
 G = Mean time per level.
                   A        B        C        D        E       F      G
               +--------+--------+--------+--------+--------+-----+--------+
         Total |   5259 |   5221 |     38 |      0 |   3779 |   7 |  751.3 |
       Dungeon |   5259 |   5221 |     38 |      0 |   3779 |   7 |  751.3 |
               +--------+--------+--------+--------+--------+-----+--------+

Top non-repeatable levels by time:
     D:6: 1302 daAuts
     D:4: 880 daAuts
     D:2: 859 daAuts
     D:1: 758 daAuts
     D:3: 640 daAuts
     D:5: 589 daAuts
     D:7: 229 daAuts
